 Dungeon Sprint DCSS version 0.26-a0-1033-gd598b01645 (webtiles) character file.

Game seed: 3613662598111902872

1103 mhtbhm the Carver (level 8, -6/82 HPs)
             Began as a Minotaur Fighter on Dec 10, 2020.
             Was an Initiate of Gozag.
             Mangled by a wyvern (13 damage)
             ... in the Dungeon (Sprint IX: "|||||||||||||||||||||||||||||").
             The game lasted 00:01:09 (302 turns).

mhtbhm the Carver (Minotaur Fighter)                 Turns: 302, Time: 00:01:09

Health: -6/82      AC: 11    Str: 23    XL:     8   Next: 10%
Magic:  7/7        EV: 10    Int:  8    God:    Gozag
Gold:   396        SH: 12    Dex: 13    Spells: 7/7 levels left

rFire    . . .     SeeInvis .   a - +0 long sword
rCold    . . .     Faith    .   c - +0 kite shield
rNeg     . . .     Spirit   .   b - +1 scale mail
rPois    .         Reflect  .   (helmet restricted)
rElec    .         Harm     .   p - +0 cloak
rCorr    .         Rampage  .   (no gloves)
Will     .....     NoTele   +   (no boots)
Stlth    ..........             (no amulet)
HPRegen  0.23/turn              o - +3 ring of intelligence
MPRegen  0.10/turn              n - +3 ring of dexterity

@: very slightly contaminated, invisible
A: retaliatory headbutt, horns 2
a: Potion Petition, Call Merchant, Bribe Branch, Renounce Religion


You were in the Dungeon.
You worshipped Gozag.
Gozag was aware of your devotion.
You visited 1 branch You collected 396 gold pieces.

Inventory:

Hand Weapons
 a - a +0 long sword (weapon)
Armour
 b - a +1 scale mail (worn)
 c - a +0 kite shield (worn)
 p - a +0 cloak (worn)
Jewellery
 n - a +3 ring of dexterity (right hand)
 o - a +3 ring of intelligence (left hand)
Wands
 m - a wand of iceblast (10)
Scrolls
 j - 2 scrolls of blinking
 k - 3 scrolls of remove curse
 l - 2 scrolls of amnesia
Potions
 d - a potion of might
 e - 5 potions of curing
 g - a potion of haste
 h - 4 potions of magic
 i - a potion of heal wounds


   Skills:
 + Level 11.0 Fighting
 + Level 11.2 Long Blades
 + Level 10.5 Armour
 + Level 2.2 Dodging
 + Level 0.9 Stealth
 + Level 11.0 Shields


You had 7 spell levels left.
You didn't know any spells.
Your spell library was empty.

Dungeon Overview and Level Annotations

Branches:
Dungeon (1/1)

Altars:
Cheibriados
Dithmenos
Elyvilon
Fedhas
Gozag
Hepliaklqana
Kikubaaqudgha
Makhleb
Nemelex Xobeh
Okawaru
Qazlal
Ru
Sif Muna
Trog
Uskayaw
Vehumet
Wu Jian
Xom
Yredelemnul
Zin
The Shining One
Beogh
Jiyva
Lugonu


Innate Abilities, Weirdness & Mutations

You reflexively headbutt those who attack you in melee.
You have a pair of horns on your head.


Message History

Okay, then.
You barely miss the wyvern.
The wyvern is moderately wounded.
You block the wyvern's attack.
Unknown command.
You slash the wyvern!
You headbutt the wyvern, but do no damage.
The wyvern is severely wounded.
The wyvern bites you.
* * * LOW HITPOINT WARNING * * *
You strike the helpless wyvern from behind!
You hit the wyvern but do no damage.
You headbutt the wyvern, but do no damage.
The wyvern is severely wounded.
You block the wyvern's attack. The wyvern barely misses you.
You barely miss the wyvern.
The wyvern is severely wounded.
The wyvern bites you!
You die...
Your body crumbles into a pile of gold.

$
▓)▓
$
▓.▓
▓[▓
$
▓.▓
▓[▓
$
▓.▓
▓.▓
$
▓'▓
▓@▓
$
▓l▓
$
▓.▓
$ $
▓.▓
$
▓.▓
$
▓9▓
▓l▓
▓$▓
▓.▓


You could see a komodo dragon, a wyvern and a gargoyle.

Vanquished Creatures
  A skeletal warrior (D)
  2 ice beasts (D)
  An ogre (D)
  A sky beast (D)
  A bullfrog (D)
  A hound (D)
  An orc priest (D)
  An iguana (D)
  A worker ant (D)
  An adder (D)
  An ufetubus (D)
  2 orcs (D)
  A bat (D)
  A giant cockroach (D)
  2 hobgoblins (D)
  A rat (D)
19 creatures vanquished.

Notes
Turn   | Place    | Note
-------+----------+-------------------------------------------
     0 | D        | mhtbhm the Minotaur Fighter began the quest for the Orb.
     0 | D        | Reached XP level 1. HP: 19/19 MP: 0/0
   120 | D        | Noticed an ice beast
   120 | D        | Noticed an orc priest
   120 | D        | Noticed an ogre
   120 | D        | Noticed a worker ant
   127 | D        | Killed an ice beast
   128 | D        | Reached XP level 2. HP: 31/31 MP: 1/1
   128 | D        | Reached XP level 3. HP: 38/38 MP: 2/2
   128 | D        | Reached XP level 4. HP: 45/45 MP: 3/3
   134 | D        | Reached skill level 5 in Long Blades
   136 | D        | Killed an ogre
   137 | D        | Reached XP level 5. HP: 53/53 MP: 4/4
   144 | D        | Found a roughly hewn altar of Beogh.
   144 | D        | Found a snail-covered altar of Cheibriados.
   144 | D        | Found a shadowy altar of Dithmenos.
   144 | D        | Found a white marble altar of Elyvilon.
   144 | D        | Found a blossoming altar of Fedhas.
   144 | D        | Found an opulent altar of Gozag.
   145 | D        | Found a hazy altar of Hepliaklqana.
   146 | D        | Found a viscous altar of Jiyva.
   147 | D        | Found an ancient bone altar of Kikubaaqudgha.
   148 | D        | Found a corrupted altar of Lugonu.
   149 | D        | Found a burning altar of Makhleb.
   150 | D        | Found a sparkling altar of Nemelex Xobeh.
   151 | D        | Found an iron altar of Okawaru.
   152 | D        | Found a stormy altar of Qazlal.
   153 | D        | Found a sacrificial altar of Ru.
   154 | D        | Found a shimmering blue altar of Sif Muna.
   155 | D        | Found a bloodstained altar of Trog.
   156 | D        | Found a hide-covered altar of Uskayaw.
   157 | D        | Found a radiant altar of Vehumet.
   164 | D        | Became a worshipper of Gozag Ym Sagoz the Greedy
   171 | D        | Found an ornate altar of the Wu Jian Council.
   172 | D        | Found a shimmering altar of Xom.
   173 | D        | Found a basalt altar of Yredelemnul.
   174 | D        | Found a glowing silver altar of Zin.
   175 | D        | Found a glowing golden altar of the Shining One.
   225 | D        | Noticed an ice beast
   227 | D        | Reached XP level 6. HP: 62/62 MP: 5/5
   239 | D        | Killed an ice beast
   252 | D        | Noticed a sky beast
   252 | D        | Noticed a skeletal warrior
   252 | D        | Noticed a wyvern
   252 | D        | Noticed a gargoyle
   252 | D        | Noticed a komodo dragon
   255 | D        | Killed a sky beast
   256 | D        | Reached skill level 1 in Dodging
   283 | D        | Killed a skeletal warrior
   284 | D        | Reached skill level 10 in Fighting
   284 | D        | Reached skill level 10 in Armour
   284 | D        | Reached skill level 10 in Shields
   284 | D        | Reached XP level 7. HP: 23/73 MP: 6/6
   284 | D        | Reached XP level 8. HP: 26/81 MP: 7/7
   302 | D        | Mangled by a wyvern

Illustrated notes

Levels and vault maps discovered:
D:        linesprint [early_d, line_temple, items_1, d_10, items_2, lair_1,
          lair_end, items_3, orc_1, orc_end, items_4, d_15, swamp_1, shoals_1,
          snake_1, spider_1, d_20, vaults_1, items_5, swamp_end, shoals_end,
          snake_end, spider_end, vaults_end, d_27, items_6, zot_1, zot_end,
          crypt_end, forest_end, elf_end, slime_end, tomb_end, abyss_end,
          pan_hell_end]

Skill      XL: |  1  2  3  4  5  6  7  8 |
---------------+-------------------------+-----
Fighting       | 6 8 10 11 | 11.0
Armour         | 6 8 10 | 10.5
Shields        | 6 8 10 11 | 11.0
Long Blades    | 4 6 7 11 | 11.2
Dodging        | 2 |  2.2
Stealth        | |  0.9

Action                   |  1- 3 |  4- 6 |  7- 9 || total
-------------------------+-------+-------+-------++-------
Melee: Long sword        |    15 |    50 |    11 ||    76
       Headbutt          |     3 |    17 |     3 ||    23
  Use: Potion            |     2 |     2 |       ||     4
 Stab: Invisible         |       |     1 |     2 ||     3
Armor: Scale mail        |    14 |     6 |     1 ||    21
Dodge: Dodged            |     6 |    13 |     4 ||    23
Block: Kite shield       |     8 |    19 |     4 ||    31
       Rpst.: Long sword |     1 |     3 |       ||     4

Table legend: (Time is in decaauts)
 A = Elapsed time spent in this place.
 B = Non-inter-level travel time spent in this place.
 C = Inter-level travel time spent in this place.
 D = Time resting spent in this place.
 E = Time spent auto-exploring this place.
 F = Levels seen in this place.
 G = Mean time per level.
                   A        B        C        D        E       F      G
               +--------+--------+--------+--------+--------+-----+--------+
         Total |    312 |    312 |      0 |    102 |      9 |   1 |  312.0 |
       Dungeon |    312 |    312 |      0 |    102 |      9 |   1 |  312.0 |
               +--------+--------+--------+--------+--------+-----+--------+

Top non-repeatable levels by time:
       D: 312 daAuts
